 Dungeon Crawl Stone Soup version 0.27-a0-1193-g8631133539 (webtiles) character file.

Game seed: 582903788660506480

79431 gus3d the Unseen (level 15, -5/75 HPs)
             Began as a Spriggan Brigand on May 24, 2021.
             Was a High Priest of Dithmenos.
             Slain by a catoblepas (11 damage)
             ... while petrified by a catoblepas
             ... on level 4 of the Lair of Beasts on May 25, 2021.
             The game lasted 02:40:23 (27813 turns).

gus3d the Unseen (Spriggan Brigand)                Turns: 27813, Time: 02:40:24

Health: -5/75      AC:  8    Str: 12    XL:     15   Next: 21%
Magic:  24/24      EV:  4    Int: 13    God:    Dithmenos [*****.]
Gold:   1306       SH:  0    Dex: 24    Spells: 24/24 levels left

rFire    + + .     SeeInvis +   y - +6 rapier "Liong" {holy, rF+}
rCold    . . .     Faith    .   (shield restricted)
rNeg     + + +     Spirit   .   d - +2 robe {Will+}
rPois    ∞         Reflect  .   U - +1 hat
rElec    .         Harm     .   W - +0 cloak {rF+}
rCorr    .         Rampage  .   (gloves unavailable)
Will     +++..                  (boots unavailable) Stlth ***+++++++
                                (no amulet)
HPRegen  0.22/turn              C - +6 ring of dexterity
MPRegen  0.19/turn              P - +4 ring of evasion

@: petrified, unable to read, wreathed by umbra, very quick
A: very small, no large weapons, unfitting armour, see invisible, speed 3, horns
1, iridescent scales 1, deterioration 1, inability to read while threatened,
sturdy frame 1
a: Renounce Religion, Shadow Step, Shadow Form


You were on level 4 of the Lair of Beasts.
You worshipped Dithmenos.
Dithmenos was extremely pleased with you.
You visited 4 branches of the dungeon, and saw 21 of its levels.
You also visited: Bailey and Volcano.

You collected 1306 gold pieces.

Inventory:

Hand Weapons
 a - a +3 dagger
 c - a +2 scimitar of flaming
 y - the +6 rapier "Liong" (weapon) {holy, rF+}
   (You found it on level 5 of the Dungeon)

   It has been blessed by the Shining One to cause great damage to the undead
   and demons.
   It protects you from fire.
 X - a +2 great sword of flaming
Missiles
 b - 9 poisoned darts (quivered)
 m - 3 datura-tipped darts
Armour
 d - a +2 robe of willpower (worn)
 N - +0 ice dragon scales
 U - a +1 hat (worn)
 W - a +0 cloak of fire resistance (worn)
Jewellery
 C - a +6 ring of dexterity (left hand)
 D - a ring of poison resistance
 O - the ring of Deazu {rC+ rN+ Will+ Slay-4 SInv}
   (You found it on level 13 of the Dungeon)

   [ring of protection from cold]

   It affects your accuracy and damage with ranged weapons and melee attacks
   (-4).
   It protects you from cold.
   It protects you from negative energy.
   It lets you see invisible.
   It increases your willpower.
 P - a +4 ring of evasion (right hand)
 R - a ring of positive energy
 V - a ring of magical power
Wands
 e - a wand of digging (12)
 x - a wand of charming (20)
 E - a wand of paralysis (26)
 K - a wand of polymorph (22)
 Z - a wand of iceblast (9)
Scrolls
 g - 7 scrolls of amnesia
 j - 7 scrolls of enchant weapon
 l - 4 scrolls of noise
 p - 2 scrolls of vulnerability
 r - a scroll of blinking
 s - 7 scrolls of enchant armour
 t - 2 scrolls of magic mapping
 u - 6 scrolls of teleportation
 v - a scroll of torment
 A - a scroll of brand weapon
 H - 4 scrolls of summoning
 I - 3 scrolls of identify
 J - 2 scrolls of silence
 M - a scroll of fog
 Y - a scroll of acquirement {unknown}
Potions
 f - 2 potions of haste
 h - 13 potions of curing
 i - 2 potions of resistance
 k - 3 potions of brilliance
 n - 8 potions of flight
 o - 3 potions of might {unknown}
 q - 3 potions of experience {unknown}
 w - a potion of degeneration {unknown}
 z - 6 potions of heal wounds
 B - 3 potions of berserk rage
 F - 2 potions of attraction
 G - 2 potions of mutation
 L - 2 potions of lignification {unknown}
 Q - a potion of cancellation {unknown}
 S - a potion of ambrosia {unknown}
Miscellaneous
 T - a piece from Xom's chessboard (15/15)


   Skills:
 + Level 7.2 Fighting
 - Level 12.8(13.4) Short Blades
 * Level 5.1(8.3) Long Blades
 - Level 14.7 Throwing
 + Level 11.1 Dodging
 + Level 19.4 Stealth
 * Level 5.4 Spellcasting
 + Level 2.0 Invocations
 * Level 5.0 Evocations


You had 24 spell levels left.
You didn't know any spells.
Your spell library contained the following spells:

 Spells                   Type           Power      Damage    Failure   Level
 Animate Skeleton         Necr           6%         N/A       19%         1
 Magic Dart               Conj           12%        1d3       19%         1
 Pain                     Necr           12%        1d4       19%         1
 Searing Ray              Conj           6%         3d3       26%         2
 Static Discharge         Conj/Air       3%         N/A       26%         2
 Dazzling Flash           Conj/Hex       6%         N/A       47%         3
 Vampiric Draining        Necr           1%         2d6       47%         3
 Animate Dead             Necr           1%         N/A       87%         4
 Cause Fear               Hex            1%         N/A       87%         4
 Fulminant Prism          Conj/Hex       1%         3d6       87%         4
 Iskenderun's Mystic Bla  Conj/Tloc      3%         2d3       87%         4
 Agony                    Necr           3%         N/A       99%         5
 Lightning Bolt           Conj/Air       1%         1d12      99%         5
 Silence                  Hex/Air        1%         N/A       99%         5
 Yara's Violent Unravell  Hex/Tmut       1%         3d3       99%         5
 Discord                  Hex            1%         N/A       100%        8
 Ignition                 Fire           1%         3d3       100%        8
 Shatter                  Erth           1%         3d6*      100%        9
 Tornado                  Air            1%         N/A       100%        9


Dungeon Overview and Level Annotations

Branches:
Dungeon (15/15)            Temple (1/1) D:4            Lair (4/6) D:9
 Spider (0/4) Lair:3          Orc (0/2) D:9          Vaults (0/5) D:13
 Depths (1/5) D:15         Bailey (visited)         Volcano (visited)
  Swamp: Lair:2-4    Shoals: Lair:2-4

Altars:
Ashenzari
Cheibriados
Dithmenos
Elyvilon
Fedhas
Gozag
Hepliaklqana
Kikubaaqudgha
Makhleb
Nemelex Xobeh
Okawaru
Qazlal
Ru
Sif Muna
Trog
Uskayaw
Vehumet
Wu Jian
Xom
Yredelemnul
Zin
The Shining One

Shops:
D:6 !   D:10 !

Annotations:
D:10 Fannar


Innate Abilities, Weirdness & Mutations

You are very small and have problems with some larger weapons.
You are too small for most types of armour.
You have supernaturally acute eyesight. (SInv)
You cover ground extremely quickly. (Speed+++)
You have a pair of small horns on your head.
You are partially covered in iridescent scales. (AC +2)
Your body sometimes deteriorates upon taking damage.
You sometimes lose the ability to read scrolls when taking damage.
Your movements are slightly less encumbered by armour. (ER -2)


Message History

The catoblepas breathes a plume of calcifying dust at you.
The blast of calcifying dust hits you.
You are engulfed in calcifying dust.
The catoblepas gores you.
You turn to flesh and can move again.
The catoblepas completely misses you.
You hit the catoblepas.
The catoblepas is severely wounded.
Your shadow hits the catoblepas with a rapier.
You hit the catoblepas but do no damage.
The catoblepas is severely wounded.
The catoblepas breathes a plume of calcifying dust at you.
The blast of calcifying dust hits you but does no damage.
You hit the catoblepas.
The catoblepas is almost dead.
You are engulfed in calcifying dust.
You are slowing down.
You hit the catoblepas but do no damage.
The catoblepas is almost dead.
The catoblepas gores you!!
You emit a cloud of dark smoke.
Your limbs are stiffening.
You hit the catoblepas. You headbutt the catoblepas.
The catoblepas is almost dead.
Your shadow hits the catoblepas but does no damage.
The catoblepas breathes a plume of calcifying dust at you.
The blast of calcifying dust hits you but does no damage.
You have turned to stone.
The catoblepas gores you!
You feel threatened and lose the ability to read scrolls!
The catoblepas gores you!! The catoblepas gores you!
* * * LOW HITPOINT WARNING * * *
The catoblepas breathes a plume of calcifying dust at you.
The blast of calcifying dust hits you!
* * * LOW HITPOINT WARNING * * *
The catoblepas gores you!
* * * LOW HITPOINT WARNING * * *
The catoblepas gores you!
* * * LOW HITPOINT WARNING * * *
The catoblepas gores you!!
You die...

#......# #.§...#.P.#.≈≈# #.....##
#...##..##.≈≈≈# .##...# ###
##..........≈≈# .###†.###
#.#####..........≈≈#
.###....####.##.#...........≈≈≈##
###........§............<....≈≈≈≈
...............§.§§§..........≈≈≈
#.............§§§§§§...###+.#≈...
#.............§§@Y§..#.###.###...
..........#..##§#.§§.P.P#...##...
....P....#...#.##.§§.†...P.###...
..###....+.............#....#....
.........#.....#.....##.....##..†
....#...[.#....#.....###...##.†.†
P###.....##.....#....####..###...
##......#..###.P....####.##....
###......#.#####P.....##.#.###...


You could see a catoblepas (very poisoned).

Vanquished Creatures
  Rupert (D:13)
  2 stone giants
  Harold (D:9)
  2 ice dragons
  4 hydras
  A death knight (D:15)
  7 boulder beetles
  11 centaur warriors
  6 two-headed ogres
  3 tengu warriors
  Urug (D:10)
  Sonja (D:10)
  A hell knight (Volcano)
  3 orc knights
  9 skeletal warriors
  A salamander mystic (Volcano)
  A phantasmal warrior (D:14)
  2 lindwurms
  Pikel (D:4)
  3 manticores
  4 deep elf pyromancers
  7 ugly things
  3 cyclopes
  4 salamanders (Volcano)
  7 elephants (Lair:3)
  2 black mambas (Lair:1)
  2 molten gargoyles (Volcano)
  6 cane toads
  3 gargoyles
  Maggie (D:8)
  2 kobold demonologists (D:11)
  A freezing wraith (D:15)
  3 rime drakes
  10 komodo dragons
  2 tengu conjurers (D:15)
  A troll (shapeshifter) (D:15)
  5 trolls
  4 polar bears
  2 hornets
  2 wolf spider simulacra (D:13)
  12 slime creatures
  5 blink frogs (Lair:1)
  A meliai zombie (D:11)
  4 centaur simulacra
  2 shadows (D:11)
  A water elemental (D:13)
  16 humans (D:13)
  25 yaks
  2 fire bats (Volcano)
  4 wraiths
  4 wyverns
  2 basilisks
  A redback simulacrum (D:13)
  An acid dragon (D:6)
  10 water moccasins
  A sky beast (D:6)
  8 orc warriors
  4 ice beasts
  2 necrophages
  A black bear (D:8)
  A centaur (D:9)
  2 ogres
  10 wolves
  5 kobold brigands
  9 bullfrogs
  2 gnoll sergeants
  5 scorpions
  A water moccasin zombie (D:5)
  A wyvern skeleton (D:6)
  A water moccasin skeleton (D:5)
  5 howler monkeys
  6 wights
  2 centaur zombies
  2 electric eels
  6 lava snakes (Volcano)
  6 hounds
  7 orc priests
  2 gnoll shamans
  A jelly (D:8)
  8 orc wizards
  2 iguanas
  6 hell rats (Lair:2)
  A killer bee zombie (D:7)
  A hound skeleton (D:5)
  A howler monkey zombie (D:9)
  8 gnolls
  5 adders
  A shadow imp (D:5)
  3 white imps (D:13)
  An ufetubus (D:13)
  2 adder skeletons (D:4)
  4 worms
  A dart slug (D:3)
  54 orcs
  3 ball pythons
  A bat zombie (D:15)
  4 endoplasms
  3 giant cockroaches
  12 goblins
  8 hobgoblins
  2 jackals (D:4)
  2 quokkas
  3 bats
  4 frilled lizards
  31 kobolds
  11 rats
494 creatures vanquished.

Vanquished Creatures (collateral kills)
  4 orc knights (Bailey)
  5 orc warriors (Bailey)
  10 orcs (Bailey)
19 creatures vanquished.

Vanquished Creatures (others)
  A quokka (D:2)
  3 bushes (D:15)
  18 fungi
  52 plants
74 creatures vanquished.

Grand Total: 587 creatures vanquished

Notes
Turn   | Place    | Note
-------+----------+-------------------------------------------
     0 | D:1      | gus3d the Spriggan Brigand began the quest for the Orb.
     0 | D:1      | Reached XP level 1. HP: 10/10 MP: 2/2
    38 | D:1      | Reached skill level 6 in Stealth
    38 | D:1      | Reached XP level 2. HP: 14/14 MP: 3/3
   431 | D:1      | Reached XP level 3. HP: 12/18 MP: 4/4
   590 | D:1      | Reached skill level 7 in Stealth
  1116 | D:2      | Found a faded altar of an unknown god.
  1125 | D:2      | Became a worshipper of Hepliaklqana the Forgotten
  1125 | D:2      | Reached * piety under Hepliaklqana
  1126 | D:2      | Fell from the grace of Hepliaklqana
  1491 | D:2      | Found a shimmering blue altar of Sif Muna.
  2317 | D:3      | Found a glowing golden altar of the Shining One.
  3312 | D:4      | Noticed a lemure
  3313 | D:4      | Noticed a lemure
  3314 | D:4      | Noticed Pikel
  3314 | D:4      | Noticed a lemure
  3315 | D:4      | Noticed a lemure
  3346 | D:4      | Killed Pikel
  3347 | D:4      | Was forgiven by Hepliaklqana
  3347 | D:4      | Reached skill level 9 in Stealth
  3347 | D:4      | Reached XP level 4. HP: 20/23 MP: 5/5
  3347 | D:4      | Reached XP level 5. HP: 23/26 MP: 6/6
  3347 | D:4      | Reached XP level 6. HP: 26/30 MP: 7/7
  4238 | D:4      | Reached XP level 7. HP: 35/35 MP: 8/8
  4786 | D:4      | Found a staircase to the Ecumenical Temple.
  4795 | Temple   | Entered the Ecumenical Temple
  5475 | D:5      | Entered Level 5 of the Dungeon
  5696 | D:5      | Reached skill level 5 in Dodging
  5940 | D:5      | Reached skill level 5 in Throwing
  5940 | D:5      | Reached skill level 10 in Stealth
  5940 | D:5      | Reached XP level 8. HP: 39/39 MP: 9/9
  6819 | D:5      | Identified the +6 rapier "Liong" {holy, rF+}
  7109 | D:6      | Gained mutation: You have a pair of small horns on your
                  | head. [potion of mutation]
  7109 | D:6      | Gained mutation: You are robust. (+10% HP) [potion of
                  | mutation]
  7120 | D:6      | Reached skill level 5 in Short Blades
  7120 | D:6      | Reached skill level 11 in Stealth
  7552 | D:6      | Found a shimmering altar of Xom.
  7552 | D:6      | Found a shimmering altar of Xom.
  7555 | D:6      | Found a shimmering altar of Xom.
  7557 | D:6      | Found a shimmering altar of Xom.
  7558 | D:6      | Found a shimmering altar of Xom.
  7625 | D:6      | Found a blossoming altar of Fedhas.
  7935 | D:6      | Found Nethraiq's Distillery.
  7943 | D:6      | Lost mutation: You have a pair of small horns on your head.
                  | [potion of mutation]
  7943 | D:6      | Lost mutation: You are robust. (+10% HP) [potion of
                  | mutation]
  7943 | D:6      | Gained mutation: You do not regenerate when monsters are
                  | visible. [potion of mutation]
  7943 | D:6      | Gained mutation: You are frail. (-10% HP) [potion of
                  | mutation]
  7944 | D:6      | Lost mutation: You are frail. (-10% HP) [potion of
                  | mutation]
  7944 | D:6      | Lost mutation: You do not regenerate when monsters are
                  | visible. [potion of mutation]
  7944 | D:6      | Gained mutation: You are clumsy. (Dex -2) [potion of
                  | mutation]
  7944 | D:6      | Gained mutation: You are frail. (-10% HP) [potion of
                  | mutation]
  7944 | D:6      | Gained mutation: Your movements are slightly less
                  | encumbered by armour. (ER -2) [potion of mutation]
  7945 | D:6      | Lost mutation: You are frail. (-10% HP) [potion of
                  | mutation]
  7945 | D:6      | Lost mutation: You are clumsy. (Dex -2) [potion of
                  | mutation]
  7945 | D:6      | Gained mutation: You are partially covered in iridescent
                  | scales. (AC +2) [potion of mutation]
  7945 | D:6      | Gained mutation: Your body sometimes deteriorates upon
                  | taking damage. [potion of mutation]
  7945 | D:6      | Gained mutation: You sometimes lose the ability to read
                  | scrolls when taking damage. [potion of mutation]
  7945 | D:6      | Gained mutation: You have a pair of small horns on your
                  | head. [potion of mutation]
  8178 | D:7      | Reached XP level 9. HP: 44/44 MP: 10/10
  8779 | D:8      | Found a radiant altar of Vehumet.
  8827 | D:8      | Found a stormy altar of Qazlal.
  8864 | D:8      | Reached skill level 12 in Stealth
  9086 | D:8      | Found a broken altar of Ashenzari.
  9086 | D:8      | Found a bloodstained altar of Trog.
  9094 | D:8      | Found a white marble altar of Elyvilon.
  9096 | D:8      | Found an opulent altar of Gozag.
  9098 | D:8      | Found an ornate altar of the Wu Jian Council.
  9565 | D:8      | Noticed Maggie
  9582 | D:8      | Killed Maggie
 10488 | D:9      | Found a staircase to the Orcish Mines.
 10512 | D:9      | Found a staircase to the Lair.
 10513 | D:9      | Noticed a komodo dragon
 10720 | D:9      | Noticed Harold
 10767 | D:9      | Killed Harold
 10768 | D:9      | Reached XP level 10. HP: 37/50 MP: 11/11
 11055 | D:9      | Found a flagged portal.
 11061 | Bailey   | Entered a bailey
 11262 | Bailey   | Noticed an orc knight
 11262 | Bailey   | Noticed an orc knight
 11268 | Bailey   | Killed an orc knight
 11273 | Bailey   | Killed an orc knight
 11281 | Bailey   | Killed an orc knight
 11380 | Bailey   | Killed an orc knight
 11381 | Bailey   | Reached skill level 13 in Stealth
 11429 | Bailey   | Noticed an orc knight
 11429 | Bailey   | Noticed an orc knight
 11447 | Bailey   | Killed an orc knight
 11549 | Bailey   | Killed an orc knight
 11742 | D:9      | Found a shadowy altar of Dithmenos.
 11745 | D:9      | Became a worshipper of Dithmenos the Shadowed
 12398 | D:9      | Noticed a boulder beetle
 12418 | D:9      | Killed a boulder beetle
 12419 | D:9      | Reached XP level 11. HP: 54/54 MP: 12/12
 12472 | D:9      | Noticed a stone giant
 12582 | D:10     | Entered Level 10 of the Dungeon
 12587 | D:10     | Found Suuff's Distillery.
 12627 | D:10     | Noticed Fannar
 12695 | D:10     | Noticed Sonja
 12699 | D:10     | Noticed a five-headed hydra
 12700 | D:10     | Killed Sonja
 12701 | D:10     | Reached skill level 10 in Throwing
 13118 | D:10     | Killed a five-headed hydra
 13140 | D:10     | Noticed Urug
 13184 | D:10     | Killed Urug
 13185 | D:10     | Reached skill level 10 in Short Blades
 13300 | D:10     | Reached * piety under Dithmenos
 13301 | D:10     | Reached skill level 5 in Fighting
 13578 | D:11     | Noticed a two-headed ogre
 13585 | D:11     | Killed a two-headed ogre
 14046 | D:11     | Reached skill level 14 in Stealth
 14445 | D:11     | Reached ** piety under Dithmenos
 15078 | D:11     | Reached XP level 12. HP: 60/60 MP: 13/13
 15122 | D:12     | Noticed an eight-headed hydra
 15186 | D:12     | Noticed a two-headed ogre
 15196 | D:12     | Killed a two-headed ogre
 15291 | D:12     | Noticed a boulder beetle
 15399 | D:12     | Killed an eight-headed hydra
 15425 | D:12     | Noticed a two-headed ogre
 15455 | D:12     | Killed a two-headed ogre
 15487 | D:12     | Noticed a two-headed ogre
 15491 | D:12     | Killed a two-headed ogre
 15508 | D:12     | Noticed a two-headed ogre
 15526 | D:12     | Killed a two-headed ogre
 15565 | D:12     | Reached skill level 15 in Stealth
 16115 | D:12     | Noticed a boulder beetle
 16117 | D:12     | Killed a boulder beetle
 16152 | D:12     | Noticed a two-headed ogre
 16159 | D:12     | Killed a two-headed ogre
 16329 | D:13     | Found a gate to the Vaults.
 16329 | D:13     | Noticed a centaur warrior
 16329 | D:13     | Noticed Rupert
 16329 | D:13     | Noticed a centaur warrior
 16373 | D:13     | Noticed a centaur warrior
 16374 | D:13     | Killed a centaur warrior
 16478 | D:13     | Noticed a tengu warrior
 16480 | D:13     | Killed a tengu warrior
 16507 | D:13     | Noticed a centaur warrior
 16533 | D:13     | Killed a centaur warrior
 16799 | D:13     | Reached *** piety under Dithmenos
 16813 | D:13     | Reached XP level 13. HP: 65/65 MP: 14/14
 16968 | D:13     | Reached skill level 16 in Stealth
 17675 | D:13     | Reached skill level 17 in Stealth
 17930 | D:13     | Reached **** piety under Dithmenos
 18180 | D:13     | Identified the ring of Deazu {rC+ rN+ Will+ Slay-4 SInv}
 18770 | D:13     | Killed Rupert
 18771 | D:13     | Reached skill level 10 in Dodging
 19183 | D:14     | Found a white marble altar of Elyvilon.
 20178 | D:15     | Entered Level 15 of the Dungeon
 20236 | D:15     | Reached XP level 14. HP: 70/70 MP: 15/15
 20836 | D:15     | Found a staircase to the Depths.
 20836 | D:15     | Noticed a stone giant
 20839 | D:15     | Killed a stone giant
 20840 | D:15     | Reached skill level 1 in Spellcasting
 20840 | D:15     | Reached skill level 1 in Invocations
 20973 | D:15     | Found an ancient bone altar of Kikubaaqudgha.
 21041 | D:15     | Identified the +3 double sword of Causality {holy, Fragile
                  | Fly rF++ Dex+8}
 21093 | D:15     | Reached skill level 18 in Stealth
 21310 | D:15     | Reached skill level 1 in Long Blades
 21569 | D:15     | Upgraded the game from 0.27-a0-1191-g601b473118 to
                  | 0.27-a0-1193-g8631133539
 21691 | Depths:1 | Entered Level 1 of the Depths
 21699 | Depths:1 | Reached skill level 1 in Evocations
 21730 | Depths:1 | Noticed a stone giant
 22971 | D:9      | Killed a stone giant
 23039 | Lair:1   | Entered Level 1 of the Lair of Beasts
 23439 | Lair:1   | Reached ***** piety under Dithmenos
 24144 | Lair:2   | Found a dark tunnel.
 24213 | Volcano  | Entered a volcano
 24536 | Volcano  | Found a burning altar of Makhleb.
 26300 | Lair:3   | Reached XP level 15. HP: 75/75 MP: 23/23
 26427 | Lair:3   | Reached skill level 19 in Stealth
 26510 | Lair:3   | Reached skill level 5 in Spellcasting
 26787 | Lair:3   | Found a hole to the Spider Nest.
 26807 | Lair:3   | Reached skill level 5 in Long Blades
 27651 | Lair:4   | Reached skill level 5 in Evocations
 27813 | Lair:4   | Slain by a catoblepas

Illustrated notes

Levels and vault maps discovered:
D:1:      amcnicky_arrival_choice, layout_loops_ring, kennysheep_nondescript
D:2:      layout_loops_corners, basic_altar, hellmonk_ecumenical_altar_run_dry,
          lemuel_flame_loot_1
D:3:      layout_basic, lemuel_crystal_altar, ebering_dispersal_statue_hall
D:4:      layout_layer_cave, minmay_temple_entry_statues_pillars, uniq_pikel
D:5:      layout_layer_cave, mrwooster_statue_mirror, kennysheep_small_square
D:6:      minmay_evil_eye, layout_rooms, xom_redecorated, fedhas_altar_1,
          serial_shops, shop
D:7:      layout_basic
D:8:      layout_basic, nicolae_vehumet_altar_sigil,
          chequers_temple_overflow_minitemple, kennysheep_mini_moat, uniq_maggie
D:9:      layout_layer_cave, kennysheep_mini, david_lair_shrubbed, orc_0_dummy,
          enter_bailey_3, minmay_three_doors, uniq_harold
D:10:     layout_basic, serial_shops, shop_statue, uniq_sonja, uniq_urug,
          uniq_fannar
D:11:     layout_grid_maze, st_stairs_3
D:12:     layout_gridville, serial_co_window_serial, co_window_paths_b,
          co_window_corner_a, co_window_corner_a, co_window_of_opportunity_a,
          co_window_paths_a, co_window_2corner, co_window_2corner,
          co_window_of_opportunity_b, co_window_cross_4, co_window_2corner,
          co_window_of_opportunity_b, co_window_of_opportunity_b, co_window_sun,
          glass_columns_c, glass_columns_b, glass_columns_b, glass_columns_a,
          minivault_4
D:13:     layout_loops_ring, david_vaults_3, serial_ice, serial_ice_a,
          serial_ice_j, serial_ice_h, serial_ice_d, serial_ice_g, serial_ice_e,
          serial_ice_b, portal_ice_cave_entry_animals_and_master,
          gauntlet_entry_generic, uniq_rupert
D:14:     layout_roguey, nicolae_elyvilon_peaceful_grove,
          minmay_misc_feat_hallway
D:15:     grunt_enter_depths_snipers, layout_loops_ring, serial_park_paths
          [serial_park_minivault_5x5_8], lemuel_zombie_altar_kikubaaqudgha
Temple:   minmay_temple_curvy_loop
Lair:1:   layout_regular_city, infiniplex_staircase_pool
Lair:2:   layout_gridlike, nicolae_volcano_entry_vermiform,
          infiniplex_staircase_pool_2, serial_bayou_shore_a
Lair:3:   layout_hall_layers, nicolae_spider_entry_non_spiders,
          nzn_sisyphean_effort, grunt_megastairs_1
Lair:4:   layout_regular_city, minmay_shoals_entry_hut, minivault_24,
          grunt_megastairs_4
Depths:1: minmay_the_grid_four_pointed_star
          [minmay_the_grid_triangle_9x9_zippers_horizontal,
          minmay_the_grid_triangle_9x9_flanged_cone,
          minmay_the_grid_triangle_9x9_limited_checkers,
          minmay_the_grid_triangle_9x9_cache,
          minmay_the_grid_prize_shrinking_boxes], layout_basic,
          enter_ziggurat_f, rand_demon_pan_entry_5, serial_corexii_hall,
          corexii_hall_statues_x, corexii_hall_statues_x, hell_entry,
          mu_enter_wizlab_5, chequers_serial_rivers_micro_b, minivault_15,
          drop_trap, minmay_crystal_box

Skill      XL: |  1  2  3  4  5  6  7  8  9 10 11 12 13 14 15 |
---------------+----------------------------------------------+-----
Stealth        | 6 9 10 11 12 13 14 15 17 18 19 | 19.4
Fighting       | 2 3 4 5 6 7 |  7.2
Short Blades   | 3 4 5 8 9 10 11 12 | 12.8
Throwing       | 3 5 6 7 9 11 13 14 | 14.7
Dodging        | 3 4 5 6 7 8 9 10 11 | 11.1
Spellcasting   | 4 5 |  5.4
Invocations    | 2 |  2.0
Long Blades    | 4 5 |  5.1
Evocations     | 4 5 |  5.0

Action                   |  1- 3 |  4- 6 |  7- 9 | 10-12 | 13-15 || total
-------------------------+-------+-------+-------+-------+-------++-------
Melee: Dagger            |   129 |    39 |   112 |       |       ||   280
       Rapier            |       |       |   182 |   268 |   535 ||   985
       Headbutt          |       |       |    35 |    51 |   120 ||   206
       Double sword      |       |       |       |       |    25 ||    25
Throw: Dart              |    28 |     9 |    88 |    73 |    91 ||   289
       Throwing net      |       |       |     1 |     1 |       ||     2
       Boomerang         |       |       |       |   185 |   385 ||   570
Invok: Renounce Religion |     1 |       |       |       |       ||     1
Evoke: Wand              |       |       |       |     1 |     8 ||     9
  Use: Potion            |       |       |     8 |     3 |       ||    11
       Scroll            |       |       |     7 |     9 |     3 ||    19
 Stab: Sleeping          |    19 |     1 |    19 |    36 |    68 ||   143
       Distracted        |       |       |     2 |     3 |     9 ||    14
       Held in net/web   |       |       |       |     1 |       ||     1
Armor: Robe              |    12 |     5 |    36 |    28 |    40 ||   121
Dodge: Dodged            |    89 |    47 |   173 |   218 |   414 ||   941
       Rpst.: Double sword |       |       |       |       |    11 ||    11

Table legend: (Time is in decaauts)
 A = Elapsed time spent in this place.
 B = Non-inter-level travel time spent in this place.
 C = Inter-level travel time spent in this place.
 D = Time resting spent in this place.
 E = Time spent auto-exploring this place.
 F = Levels seen in this place.
 G = Mean time per level.
                   A        B        C        D        E       F      G
               +--------+--------+--------+--------+--------+-----+--------+
         Total |  19643 |  18987 |    656 |   1849 |  10826 |  23 |  854.0 |
       Dungeon |  15709 |  15089 |    620 |   1691 |   8518 |  15 | 1047.3 |
        Temple |    136 |    123 |     13 |      0 |    121 |   1 |  136.0 |
          Lair |   2212 |   2190 |     22 |     82 |   1323 |   4 |  553.0 |
        Depths |     73 |     73 |      0 |      0 |      0 |   1 |   73.0 |
        Bailey |    497 |    497 |      0 |      0 |    259 |   1 |  497.0 |
       Volcano |   1014 |   1014 |      0 |     75 |    604 |   1 | 1014.0 |
               +--------+--------+--------+--------+--------+-----+--------+

Top non-repeatable levels by time:
    D:13: 1885 daAuts
    D:15: 1756 daAuts
     D:4: 1608 daAuts
     D:9: 1235 daAuts
    D:11: 1162 daAuts
     D:8: 1153 daAuts
 Volcano: 1014 daAuts
     D:6: 1013 daAuts
  Lair:3: 1009 daAuts
    D:14: 994 daAuts
     D:5: 920 daAuts
    D:12: 826 daAuts
     D:3: 791 daAuts
     D:1: 759 daAuts
     D:2: 605 daAuts
